 Dungeon Crawl Stone Soup version 0.31-a0-325-g067879e3d3 (webtiles) character file.

Game seed: 15405868554582143510

32442 porpoise the Markskobold (level 14, -3/82 HPs)
             Began as a Kobold Hunter on July 19, 2023.
             Was a High Priest of Hepliaklqana.
             Slain by a cane toad (15 damage)
             ... on level 5 of the Lair of Beasts.
             The game lasted 01:03:40 (17548 turns).

porpoise the Markskobold (Kobold Hunter)           Turns: 17548, Time: 01:03:41

Health: -3/82      AC: 17    Str:  9    XL:     14   Next: 2%
Magic:  18/18      EV: 24    Int: 11    God:    Hepliaklqana [*****.]
Gold:   442        SH:  0    Dex: 22    Spells: 13/13 levels left

rFire   . . .        a - +1 hand crossbow
rCold   . . .        (no shield)
rNeg    + . .        W - +0 acid dragon scales
rPois   .            (no helmet)
rElec   .            S - +1 cloak
rCorr   +            g - +1 pair of gloves
SInv    .            N - +0 pair of boots
Will    +....        (no amulet)
Stlth   ++++++       j - +4 ring of protection
HPRegen 0.33/turn    V - ring of positive energy
MPRegen 0.16/turn

%: no passive effects
@: studying Dodging
A: reduced essence, small, no large weapons, nightstalker 3
a: Renounce Religion, Recall Ancestor, Ancestor Identity, Transference, Idealise


You were on level 5 of the Lair of Beasts.
You worshipped Hepliaklqana.
Hepliaklqana was extremely pleased with you.
You visited 3 branches of the dungeon, and saw 16 of its levels.
You also visited: Sewer, Bailey and Volcano.

You collected 949 gold pieces.
You spent 507 gold pieces at shops.

Inventory:

Hand Weapons
 a - a +1 hand crossbow (weapon)
 b - the +10 trident "Lifebane" {venom, Dex+3}
   (You found it on level 4 of the Lair of Beasts)

   Dex:       It affects your dexterity (+3).
Missiles
 w - 5 poisoned darts
Armour
 c - a +0 buckler
 g - a +1 pair of gloves (worn)
 N - a +0 pair of boots (worn)
 S - a +1 cloak (worn)
 W - +0 acid dragon scales (worn)
Jewellery
 j - a +4 ring of protection (left hand)
 r - a ring of see invisible
 s - a +6 ring of intelligence
 B - a ring of magical power
 V - a ring of positive energy (right hand)
Talismans
 k - a blade talisman
Wands
 f - a wand of flame (4)
 A - a wand of polymorph (11)
 D - a wand of acid (11)
 Q - a wand of roots (10)
 R - a wand of mindburst (5)
Scrolls
 d - 2 scrolls of enchant armour
 i - a scroll of blinking {unknown}
 l - 2 scrolls of vulnerability
 x - 2 scrolls of butterflies
 y - 2 scrolls of poison
 z - a scroll of noise
 F - 6 scrolls of fog
 G - a scroll of teleportation
 P - a scroll of torment
Potions
 e - a potion of resistance
 h - 2 potions of heal wounds
 n - 4 potions of haste
 o - 2 potions of lignification
 p - 3 potions of enlightenment
 t - a potion of mutation
 u - 3 potions of might
 v - 3 potions of curing
 C - a potion of brilliance
 O - a potion of invisibility {unknown}
Miscellaneous
 q - a lightning rod (4/4)


   Skills:
 - Level 12.0 Fighting
 * Level 16.9 Ranged Weapons
 - Level 5.0 Armour
 + Level 13.1 Dodging
 - Level 12.0 Stealth
 + Level 6.3 Invocations
 - Level 7.0 Evocations


You had 13 spell levels left.
You didn't know any spells.
Your spell library contained the following spells:

 Spells                   Type           Power      Damage    Failure   Level
 Necrotise                Necr           0%         1d4       50%         1
 Slow                     Hex            0%         N/A       50%         1
 Static Discharge         Conj/Air       0%         2-2/arc   65%         2
 Call Canine Familiar     Summ           0%         N/A       86%         3
 Confusing Touch          Hex            0%         N/A       86%         3
 Dazzling Flash           Conj/Hex       0%         N/A       86%         3
 Portal Projectile        Hex/Tloc       0%         N/A       86%         3
 Vampiric Draining        Necr           0%         2d6       86%         3
 Volatile Blastmotes      Fire/Tloc      0%         2d10      86%         3
 Airstrike                Air            0%         2d(0-16)  99%         4
 Anguish                  Hex/Necr       0%         N/A       99%         4
 Animate Armour           Summ/Erth      0%         N/A       99%         4
 Cause Fear               Hex            0%         N/A       99%         4
 Fulminant Prism          Conj/Hex       0%         3d5       99%         4
 Iskenderun's Mystic Bla  Conj/Tloc      0%         2d3       99%         4
 Leda's Liquefaction      Hex/Erth       0%         N/A       99%         4
 Summon Lightning Spire   Summ/Air       0%         N/A       99%         4
 Agony                    Necr           0%         N/A       100%        5
 Lee's Rapid Deconstruct  Erth           0%         3d4*      100%        5
 Starburst                Conj/Fire      0%         6d3       100%        6
 Enfeeble                 Hex            0%         N/A       100%        7
 Maxwell's Capacitive Co  Air            0%         ∞         100%        8
 Chain Lightning          Conj/Air       0%         N/A       100%        9
 Fire Storm               Conj/Fire      0%         5d1       100%        9
 Shatter                  Erth           0%         3d5*      100%        9


Dungeon Overview and Level Annotations

Branches:
Dungeon (10/15)            Temple (1/1) D:5            Lair (5/5) D:9
 Shoals (0/4) Lair:3        Snake (0/4) Lair:3        Slime (0/5) Lair:5
    Orc (0/2) D:10          Sewer (visited)          Bailey (visited)
Volcano (visited)

Altars:
Ashenzari
Cheibriados
Dithmenos
Elyvilon
Fedhas
Gozag
Hepliaklqana
Kikubaaqudgha
Makhleb
Nemelex Xobeh
Okawaru
Qazlal
Ru
Sif Muna
Trog
Uskayaw
Vehumet
Wu Jian
Xom
Yredelemnul
Zin

Shops:
D:2 *   D:4 **   D:7 !*

Portals:
Gauntlet: Lair:5

Annotations:
D:6 3 runed translucent doors, yaks
D:7 2 runed translucent doors
D:9 3 runed translucent doors, hgbash's ghost, novice SpBr
D:10 Lodul


Innate Abilities, Weirdness & Mutations

Your life essence is reduced to manifest your ancestor. (-10% HP)
You are small and have problems with some larger weapons.
You are completely attuned to the shadows.


Message History

The blink frog completely misses you.
A wind drake comes into view.
The cane toad completely misses you. The sea snake bites you!
Nikki misses the sea snake.
The blink frog completely misses you. The cane toad stings you.
You are poisoned.
The cane toad poisons you!
You shoot a bolt. The bolt closely misses the sea snake.
You feel very sick.
You hear an angry buzzing noise.
A hornet comes into view.
The sea snake completely misses you.
The blink frog blinks!
The cane toad stings you but does no damage.
Nikki misses the sea snake.
The sea snake bites you but does no damage.
You shoot a bolt. The bolt hits the sea snake.
The sea snake is heavily wounded.
You feel very sick. The cane toad closely misses you.
The wind drake flaps its wings at you. The air twists around and strikes you!
The sea snake bites you!
The hornet stings Nikki but does no damage.
The sea snake attacks as you move away! The sea snake misses you.
The cane toad attacks as you move away! The cane toad stings you!
You feel very sick.
The wind drake bites Nikki but does no damage.
Nikki barely misses the cane toad.
The hornet stings Nikki but does no damage.
The cane toad misses you.
The blink frog attacks as you move away!
The blink frog completely misses you. The cane toad attacks as you move away!
The cane toad closely misses you.
You feel sick.
The wind drake bites Nikki but does no damage.
Nikki blocks the hornet's attack.
Nikki misses the wind drake.
The wind drake flaps its wings at you. The air twists around and strikes you!!
* * * LOW HITPOINT WARNING * * *
You feel better.
The blink frog blinks!
The sea snake misses you. The snapping turtle barely misses you.
The cane toad stings you!
You die...

~~,~*~~~~~,,,,*,**,,,*,,,,,,*,,,*
*~,*~~,~~~*,,,,,,,,,,***,,**,,,**
*~~~~~,~*,,*,.........**,,,**,,**
*~~~~*,~~,,,....†....#*,,,*,,,,,*
~~~~~~*~~,,..........#,,,,,,*,,,*
*,~,**~~~,#...........,,,,,,,,,**
~~~~*~~~*~.......<....,,,,,,,,,,*
~~~⌠*,~**,~PF.........,,,,,,,,,**
*****~~~~~....tS@.....,,,,,,,,,**
~~~~*~~~~,#.kRyF......,,,,,,,,,,*
*~*~*~~**,##..........,,,,,,,,,,*
~~~~*~~,~~#.∩........,,,,,,,,,,,*
**~**~~~~~.~..†......,,,,,,,,,,**
,~~~~~~~~~~.........,,,,,,,,,,,,*
*~~**~~**~...◎.....,,,,,,,,,,,,**
*~~**~~~*,,,,,,,,,,,,,,,,,,,,,,*
~,~~~,,,,,*,,**,,,***,*****,,,,*


You could see the friendly Nikki the knight, a sea snake, a snapping turtle, a
wind drake (repels missiles, ally target), a cane toad, a blink frog and a
hornet.

Vanquished Creatures
  A vault guard (Bailey)
  A centaur warrior (Volcano)
  A hydra (Lair:3)
  A manticore (D:9)
  2 molten gargoyles (Volcano)
  6 cane toads
  A black mamba (Lair:1)
  Joseph (D:10)
  2 torpor snails (Lair:4)
  2 gargoyles
  Maggie (Lair:2)
  2 rime drakes
  8 komodo dragons
  A troll (D:9)
  2 polar bears (Lair:1)
  Grinder (D:3)
  A hornet (D:9)
  4 blink frogs (Lair:4)
  A snapping turtle (Lair:3)
  A raiju (shapeshifter) (D:9)
  55 yaks
  5 wyverns
  A basilisk (Lair:4)
  A fire bat (Volcano)
  3 acid dragons
  3 nagas (Lair:3)
  11 water moccasins
  2 ice beasts (D:9)
  3 orc warriors
  A sky beast (D:8)
  An ogre (D:7)
  3 black bears
  A boggart (D:9)
  5 centaurs
  2 wolves (D:9)
  3 kobold brigands
  2 gnoll sergeants
  4 scorpions
  12 bullfrogs
  2 wights (D:9)
  6 killer bees
  2 howler monkeys
  4 lava snakes (Volcano)
  Crazy Yiuf (D:3)
  3 orc priests
  2 hounds (D:6)
  4 gnoll boudas
  2 iguanas
  Natasha (twice) (D:3)
  2 orc wizards
  21 gnolls
  3 river rats (Sewer)
  7 adders
  A white imp (D:7)
  7 worms
  3 dart slugs
  19 orcs
  2 bats (D:1)
  8 endoplasms
  2 giant cockroaches
  9 goblins
  6 hobgoblins
  5 jackals
  A quokka (D:4)
  8 ball pythons
  22 kobolds
  9 rats
  A butterfly (Lair:1)
322 creatures vanquished.

Vanquished Creatures (collateral kills)
  A hydra (Lair:4)
  A vault guard (Bailey)
  2 cane toads
  2 komodo dragons
  A rime drake (D:9)
  A polar bear (Lair:4)
  Prince Ribbit (Bailey)
  6 yaks
  3 humans (Bailey)
  An acid dragon (D:8)
  3 water moccasins
  2 ice beasts (D:9)
  2 sky beasts
  3 bullfrogs
  A gnoll sergeant (D:9)
  3 wights (D:9)
  2 killer bees (D:8)
  A lava snake (Volcano)
  An orc priest (D:8)
  A sleepcap (D:7)
  5 gnolls
  6 orcs
  2 goblins
  A hobgoblin (Bailey)
  2 kobolds (D:8)
  A butterfly (Lair:1)
55 creatures vanquished.

Vanquished Creatures (others)
  A red draconian (Volcano)
  14 knights
15 creatures vanquished.

Grand Total: 392 creatures vanquished

Notes
Turn   | Place    | Note
-------+----------+-------------------------------------------
     0 | D:1      | porpoise the Kobold Hunter began the quest for the Orb.
     0 | D:1      | Reached XP level 1. HP: 12/12 MP: 1/1
   166 | D:1      | Reached XP level 2. HP: 15/18 MP: 2/2
   496 | D:1      | You fall into a shaft and drop 1 floor!
   656 | D:1      | Reached skill level 6 in Ranged Weapons
   815 | D:2      | Reached XP level 3. HP: 22/22 MP: 3/3
   880 | D:2      | Found Duwamut's General Store.
  1605 | D:3      | Found a glowing drain.
  1613 | Sewer    | Entered a sewer
  1766 | Sewer    | Noticed a kobold brigand
  1776 | Sewer    | Killed a kobold brigand
  1777 | Sewer    | Reached skill level 7 in Ranged Weapons
  1777 | Sewer    | Reached XP level 4. HP: 22/28 MP: 4/4
  1777 | Sewer    | Reached XP level 5. HP: 26/32 MP: 5/5
  2530 | D:3      | Noticed Natasha
  2534 | D:3      | Killed Natasha
  2535 | D:3      | Reached skill level 8 in Ranged Weapons
  2535 | D:3      | Reached XP level 6. HP: 29/38 MP: 6/6
  2660 | D:3      | Noticed Grinder
  2666 | D:3      | Paralysed by Grinder for 3 turns
  2672 | D:3      | Killed Grinder
  2673 | D:3      | Reached skill level 9 in Ranged Weapons
  2673 | D:3      | Reached XP level 7. HP: 41/44 MP: 7/7
  2776 | D:3      | Noticed Natasha
  2780 | D:3      | Killed Natasha
  2837 | D:3      | Found a runed translucent door.
  2840 | D:3      | Noticed Crazy Yiuf
  2845 | D:3      | Killed Crazy Yiuf
  3009 | D:4      | Found Forghao's Assorted Antiques.
  3018 | D:4      | Bought a fuming dark potion for 23 gold pieces
  3018 | D:4      | Bought a red potion for 23 gold pieces
  3018 | D:4      | Bought a cyan potion for 23 gold pieces
  3058 | D:4      | Reached skill level 5 in Fighting
  3405 | D:4      | Found Nudgh's CLEARANCE SALE!.
  3593 | D:5      | Entered Level 5 of the Dungeon
  3692 | D:5      | Found a staircase to the Ecumenical Temple.
  3698 | Temple   | Entered the Ecumenical Temple
  3769 | Temple   | Became a worshipper of Hepliaklqana the Forgotten
  3941 | D:5      | Found a blossoming altar of Fedhas.
  3972 | D:5      | Found an opulent altar of Gozag.
  4063 | D:5      | Reached skill level 10 in Ranged Weapons
  4101 | D:5      | Reached XP level 8. HP: 12/51 MP: 8/8
  4462 | D:6      | Found a runed translucent gate.
  4462 | D:6      | Found a runed translucent gate.
  4462 | D:6      | Found a runed translucent gate.
  4560 | D:6      | Found a sacrificial altar of Ru.
  4652 | D:6      | Noticed a yak
  4655 | D:6      | Noticed a yak
  4655 | D:6      | Noticed a yak
  4656 | D:6      | Noticed a yak
  4729 | D:6      | Reached skill level 11 in Ranged Weapons
  4807 | D:6      | Noticed a gargoyle
  4815 | D:6      | Killed a gargoyle
  4879 | D:5      | Reached skill level 12 in Ranged Weapons
  4968 | D:6      | Killed a yak
  4969 | D:6      | Reached XP level 9. HP: 57/57 MP: 9/9
  4988 | D:6      | Reached skill level 13 in Ranged Weapons
  5246 | D:6      | Reached * piety under Hepliaklqana
  5430 | D:6      | Reached skill level 14 in Ranged Weapons
  5440 | D:6      | Reached skill level 5 in Dodging
  5688 | D:7      | Reached XP level 10. HP: 56/56 MP: 10/10
  5704 | D:7      | Found Dyt Edoi's Distillery.
  5712 | D:7      | Reached skill level 1 in Invocations
  5723 | D:7      | Bought a potion of curing for 30 gold pieces
  5723 | D:7      | Bought a potion of heal wounds for 50 gold pieces
  5723 | D:7      | Bought a potion of curing for 30 gold pieces
  5826 | D:7      | Reached skill level 1 in Armour
  5865 | D:7      | Found a large runed translucent door.
  5865 | D:7      | Found a large runed translucent door.
  5883 | D:7      | Found Zaif Ucu's Lightly-Used Armoury.
  5886 | D:7      | Bought a -2 hand crossbow for 1 gold piece
  6580 | D:8      | Reached ** piety under Hepliaklqana
  6582 | D:8      | Remembered your ancestor Nikki as a knight
  6659 | D:8      | Reached skill level 5 in Stealth
  6827 | D:8      | Found a radiant altar of Vehumet.
  7280 | D:8      | Found a flagged portal.
  7303 | Bailey   | Entered a bailey
  7372 | Bailey   | Reached skill level 5 in Invocations
  7436 | Bailey   | Reached skill level 1 in Evocations
  7457 | Bailey   | Reached XP level 11. HP: 60/60 MP: 14/14
  7509 | Bailey   | Noticed Prince Ribbit
  7510 | Bailey   | Noticed a vault guard
  7514 | Bailey   | Killed Prince Ribbit
  7530 | Bailey   | Killed a vault guard
  7661 | Bailey   | Noticed a vault guard
  7670 | Bailey   | Killed a vault guard
  8097 | D:9      | Reached skill level 5 in Armour
  8126 | D:9      | Reached skill level 5 in Evocations
  8268 | D:9      | Noticed a manticore
  8279 | D:9      | Killed a manticore
  8317 | D:9      | Found a staircase to the Lair.
  8882 | D:9      | Reached skill level 10 in Fighting
  8900 | D:9      | Reached XP level 12. HP: 35/69 MP: 15/15
  9233 | D:9      | Found a runed translucent gate.
  9234 | D:9      | Found a runed translucent gate.
  9235 | D:9      | Found a runed translucent gate.
  9302 | D:9      | Noticed hgbash's ghost (novice SpBr)
  9324 | D:10     | Entered Level 10 of the Dungeon
  9371 | D:10     | Found a staircase to the Orcish Mines.
  9407 | D:10     | Noticed Joseph
  9422 | D:10     | Killed Joseph
  9423 | D:10     | Noticed Lodul
  9599 | Lair:1   | Entered Level 1 of the Lair of Beasts
  9614 | Lair:1   | Reached *** piety under Hepliaklqana
  9849 | Lair:1   | Found a dark tunnel.
  9855 | Volcano  | Entered a volcano
 10177 | Volcano  | Found a bloodstained altar of Trog.
 10177 | Volcano  | Noticed a centaur warrior
 10195 | Volcano  | Killed a centaur warrior
 10196 | Volcano  | Reached skill level 10 in Stealth
 10378 | Volcano  | Noticed a red draconian
 10388 | Volcano  | Killed a red draconian
 11005 | D:9      | Identified a scroll of acquirement
 11647 | Lair:1   | Acquired a manual of Dodging
 11895 | Lair:1   | You fall into a shaft and drop 1 floor!
 12176 | Lair:2   | Reached XP level 13. HP: 59/77 MP: 16/16
 12554 | Lair:1   | Reached skill level 10 in Dodging
 13033 | D:2      | Bought a wand of acid (6) for 252 gold pieces
 13033 | D:2      | Bought a scroll of enchant weapon for 75 gold pieces
 13784 | Lair:2   | Reached **** piety under Hepliaklqana
 14015 | Lair:2   | Noticed Maggie
 14020 | Lair:2   | Killed Maggie
 14464 | Lair:3   | Reached skill level 15 in Ranged Weapons
 14621 | Lair:3   | Found a staircase to the Snake Pit.
 14877 | Lair:3   | Noticed a six-headed hydra
 14887 | Lair:3   | Killed a six-headed hydra
 15184 | Lair:3   | Reached ***** piety under Hepliaklqana
 15618 | Lair:3   | Found a staircase to the Shoals.
 15890 | Lair:4   | Reached skill level 16 in Ranged Weapons
 16062 | Lair:4   | Identified the +10 trident "Lifebane" {venom, Dex+3}
 16933 | Lair:4   | Noticed a six-headed hydra
 16939 | Lair:4   | Killed a six-headed hydra
 17526 | Lair:5   | Entered Level 5 of the Lair of Beasts
 17531 | Lair:5   | Reached XP level 14. HP: 82/82 MP: 18/18
 17531 | Lair:5   | Found a gate leading to a gauntlet.
 17548 | Lair:5   | Slain by a cane toad

Illustrated notes

Levels and vault maps discovered:
D:1:      kennysheep_arrival_forest, layout_basic, minmay_tiny_reverse_x
D:2:      layout_basic, serial_shops, nicolae_shop_waterfront,
          nicolae_figureground_sparkle
D:3:      layout_loops_ring, cheibrodos_sewer_entry_bend, uniq_grinder,
          uniq_crazy_yiuf_cottage, uniq_natasha
D:4:      layout_rooms, serial_shops, shop,
          hangedman_abyss_or_decor_lesser_grid, nicolae_shop_clearance
D:5:      layout_rooms, grunt_gozag_statues,
          mainiacjoe_overflow_surrounded_room, minmay_temple_entry_arrows,
          minmay_misc_feat_alley
D:6:      layout_rooms, nicolae_ru_the_path_less_chosen,
          gammafunk_ghost_necromancy, grunt_ministairs_10
D:7:      layout_loops_ring, ebering_ghost_disaster_area, serial_shops,
          nicolae_shop_industrial_runoff, minmay_shop_damaged
D:8:      layout_basic, vehumet_crystals, enter_bailey_5
D:9:      minmay_chambers_of_sixes, layout_rooms, hellmonk_lair_entry_icy,
          biasface_ghost_orc_armoury
D:10:     kennysheep_steamy, layout_basic, amcnicky_altar_gilded, orc_david_3,
          minmay_pinched_square, uniq_joseph, uniq_snorg, uniq_lodul, uniq_urug
Temple:   minmay_temple_bridge_d
Lair:1:   layout_hall_layers, lightli_volcano_entry_magma_tube,
          lemuel_fruit_fields
Lair:2:   layout_small_grid, uniq_maggie
Lair:3:   layout_regular_city, minmay_shoals_entry_hut,
          minmay_snake_entry_guardpost_small
Lair:4:   layout_roguey
Lair:5:   gammafunk_lair_ancient_temple, layout_long_grid,
          dpeg_slime_entry_enclosed, gauntlet_entry_generic

Skill      XL: |  1  2  3  4  5  6  7  8  9 10 11 12 13 |
---------------+----------------------------------------+-----
Ranged Weapons | 6 7 8 9 10 12 14 16 | 16.9
Fighting       | 3 4 5 7 10 12 | 12.0
Dodging        | 6 7 9 13 | 13.1
Stealth        | 2 7 9 12 | 12.0
Invocations    | 5 6 |  6.3
Armour         | 3 5 |  5.0
Evocations     | 1 5 7 |  7.0

Action                     |  1- 3 |  4- 6 |  7- 9 | 10-12 | 13-15 || total
---------------------------+-------+-------+-------+-------+-------++-------
   Fire: Shortbow          |    65 |    93 |   260 |   796 |    12 ||  1226
         Hand crossbow     |       |       |       |       |   259 ||   259
 Invoke: Ancestor Identity |       |       |     1 |       |       ||     1
         Ancestor Life: Kn |       |       |       |     1 |       ||     1
         Recall Ancestor   |       |       |       |     2 |       ||     2
  Evoke: Wand              |       |       |       |    10 |       ||    10
    Use: Scroll            |     6 |       |     2 |    14 |     8 ||    30
         Potion            |       |       |     1 |     2 |     3 ||     6
 Armour: Leather armour    |     5 |     9 |    45 |    38 |       ||    97
         Acid dragon scale |       |       |       |    40 |    38 ||    78
         Ring mail         |       |       |       |    34 |       ||    34
  Dodge: Dodged            |    12 |    27 |   101 |   296 |   190 ||   626

Table legend: (Time is in decaauts)
 A = Elapsed time spent in this place.
 B = Non-inter-level travel time spent in this place.
 C = Inter-level travel time spent in this place.
 D = Time resting spent in this place.
 E = Time spent auto-exploring this place.
 F = Levels seen in this place.
 G = Mean time per level.
                   A        B        C        D        E       F      G
               +--------+--------+--------+--------+--------+-----+--------+
         Total |  17583 |  16446 |   1137 |   4059 |   9052 |  19 |  925.4 |
       Dungeon |   8880 |   8371 |    509 |   1597 |   5325 |  10 |  888.0 |
        Temple |    142 |      4 |    138 |      0 |      0 |   1 |  142.0 |
          Lair |   6281 |   5791 |    490 |   1611 |   3121 |   5 | 1256.2 |
         Sewer |    858 |    858 |      0 |    123 |    606 |   1 |  858.0 |
        Bailey |    539 |    539 |      0 |    246 |      0 |   1 |  539.0 |
       Volcano |    882 |    882 |      0 |    482 |      0 |   1 |  882.0 |
               +--------+--------+--------+--------+--------+-----+--------+

Top non-repeatable levels by time:
  Lair:1: 1901 daAuts
     D:9: 1872 daAuts
  Lair:4: 1679 daAuts
  Lair:3: 1542 daAuts
  Lair:2: 1132 daAuts
     D:6: 1129 daAuts
     D:8: 1066 daAuts
     D:3: 1014 daAuts
     D:7: 892 daAuts
 Volcano: 882 daAuts
   Sewer: 858 daAuts
     D:5: 833 daAuts
     D:2: 708 daAuts
     D:1: 685 daAuts
     D:4: 603 daAuts
